 Dungeon Crawl Stone Soup version 0.24.0-123-gd5b16e6ec5 (webtiles) character file.

Game seed: 6520623402383960183, levelgen mode: deterministic

328 Peloso the Covered (level 6, -4/56 HPs)
             Began as a Minotaur Fighter on Jan 8, 2020.
             Slain by a mummy (12 damage)
             ... in an ossuary.
             The game lasted 00:05:28 (3413 turns).

Peloso the Covered (Minotaur Fighter)               Turns: 3413, Time: 00:05:29

Health: -4/56      AC: 10    Str: 27    XL:     6   Next: 25%
Magic:  5/5        EV:  7    Int:  5    God:
Gold:   115        SH: 10    Dex: 10    Spells: 5/5 levels left

rFire    x . .     SeeInvis .   a - +0 long sword
rCold    + . .     Gourm    .   c - +0 shield
rNeg     . . .     Faith    .   s - +0 chain mail
rPois    .         Spirit   .   (helmet restricted)
rElec    .         Reflect  .   (no cloak)
rCorr    .         Harm     .   (no gloves)
MR       .....                  (no boots)
Stlth    ..........             (no amulet)
HPRegen  0.18/turn              n - ring of ice
MPRegen  0.09/turn              (no ring)

@: mighty
A: retaliatory headbutt, horns 2
a: no special abilities


You were in an ossuary.
You were not hungry.

You visited 1 branch of the dungeon, and saw 4 of its levels.
You also visited: Ossuary.

You collected 115 gold pieces.

Inventory:

Hand Weapons
 a - a +0 long sword (weapon)
Armour
 b - a +0 scale mail
 c - a +0 shield (worn)
 s - a +0 chain mail (worn)
Jewellery
 n - a ring of ice (left hand)
Scrolls
 e - 2 scrolls of remove curse {unknown}
 g - 6 scrolls of identify {unknown}
 h - a scroll of enchant armour {unknown}
 k - 3 scrolls of teleportation {unknown}
 l - a scroll of fog {unknown}
 m - a scroll of magic mapping {unknown}
 o - a scroll of immolation {unknown}
 q - 2 scrolls of enchant weapon {unknown}
 r - a scroll of blinking {unknown}
Potions
 d - a potion of might
 i - a potion of resistance
 j - a potion of ambrosia
Comestibles
 f - 8 rations


   Skills:
 + Level 5.0 Fighting
 + Level 4.7 Long Blades
 + Level 5.5 Armour
 + Level 1.0 Dodging
 + Level 0.2 Stealth
 + Level 4.7 Shields


You had 5 spell levels left.
You didn't know any spells.
Your spell library was empty.

Dungeon Overview and Level Annotations

Branches:
Dungeon (4/15)            Ossuary (1/1)
 Temple: D:4-7

Altars:
Fedhas
Hepliaklqana
Vehumet
The Shining One


Innate Abilities, Weirdness & Mutations

You reflexively headbutt those who attack you in melee.
You have a pair of horns on your head.


Message History

The mummy is heavily damaged.
You hit the mummy.
You destroy the mummy!
Your Dodging skill increases to level 1!
Unknown command.
You slash the mummy! Your headbutt misses the mummy.
The mummy is severely damaged.
The mummy hits you but does no damage. The mummy hits you!
* * * LOW HITPOINT WARNING * * *
Unknown command.
You completely miss the mummy.
The mummy is severely damaged.
You block the mummy's attack. x2
Unknown command.
You slice the mummy!!
You destroy the mummy!
The mummy hits you!
* * * LOW HITPOINT WARNING * * *
The mummy hits you!
You die...

#......
#....#
#....#
#....#
#....#
#....#
#....#
#..MZ#
#..M@#
#.∩∩.#
######


You could see 2 mummies and a hobgoblin zombie.

Vanquished Creatures
  A centaur (D:3)
  A scorpion (D:4)
  2 orc wizards (D:3)
  A worker ant (D:4)
  2 mummies (Ossuary)
  5 adders
  2 worms
  A dart slug (D:2)
  7 orcs (D:3)
  3 giant cockroaches
  A gnoll zombie (Ossuary)
  4 goblins
  A hobgoblin (D:1)
  2 quokkas
  2 ball pythons
  4 bats
  4 frilled lizards
  A hobgoblin zombie (Ossuary)
  2 kobolds
  A kobold zombie (Ossuary)
  3 orc zombies (Ossuary)
  6 rats
56 creatures vanquished.

Notes
Turn   | Place    | Note
-------+----------+-------------------------------------------
     0 | D:1      | Peloso the Minotaur Fighter began the quest for the Orb.
     0 | D:1      | Reached XP level 1. HP: 19/19 MP: 0/0
   290 | D:1      | Reached XP level 2. HP: 27/27 MP: 1/1
   827 | D:2      | Reached XP level 3. HP: 16/33 MP: 2/2
  1051 | D:2      | Found a radiant altar of Vehumet.
  1797 | D:3      | Noticed a centaur
  1806 | D:3      | Killed a centaur
  1806 | D:3      | Reached skill level 5 in Armour
  1806 | D:3      | Reached XP level 4. HP: 18/40 MP: 3/3
  1806 | D:3      | Reached XP level 5. HP: 21/46 MP: 4/4
  2585 | D:3      | Found a blossoming altar of Fedhas.
  2585 | D:3      | Found a glowing golden altar of the Shining One.
  2586 | D:3      | Found a hazy altar of Hepliaklqana.
  2858 | D:4      | Reached XP level 6. HP: 22/53 MP: 5/5
  3137 | D:4      | Found a sand-covered staircase.
  3265 | D:4      | Reached skill level 5 in Fighting
  3352 | Ossuary  | Entered an ossuary
  3410 | Ossuary  | Reached skill level 1 in Dodging
  3413 | Ossuary  | Slain by a mummy

Levels and vault maps discovered:
D:1:      psy_arrival_statuary, layout_basic
D:2:      layout_basic, nicolae_overflow_crystal_walls
D:3:      layout_loops_corners, chequers_temple_overflow_statue_of_worship,
          serial_park_tiny_1
D:4:      layout_loops_ring, minmay_temple_entry_junction,
          lightli_ossuary_entry_decrepit_ruins
Ossuary:  ossuary_tomb_3

Skill      XL: |  1  2  3  4  5  6 |
---------------+-------------------+-----
Shields        | 4 |  4.7
Armour         | 4 5 |  5.5
Fighting       | 4 5 |  5.0
Long Blades    | 3 4 |  4.7
Dodging        | 1 |  1.0
Stealth        | |  0.2

Action                   |  1- 3 |  4- 6 || total
-------------------------+-------+-------++-------
Melee: Long sword        |    86 |    84 ||   170
       Headbutt          |    12 |    15 ||    27
  Use: Potion            |     2 |     2 ||     4
  Eat: Chunk             |     2 |     6 ||     8
Armor: Scale mail        |    36 |     5 ||    41
       Chain mail        |       |    27 ||    27
Dodge: Dodged            |    26 |    24 ||    50
Block: Shield            |    50 |    34 ||    84
       Rpst.: Long sword |     5 |     9 ||    14
